 Dungeon Crawl Stone Soup version 0.26-a0-651-gb41185065b (webtiles) character file.

Game seed: 18272996464405124705

123519 Flugslaktarn the Severer (level 16, -2/159 HPs)
             Began as a Deep Dwarf Fighter on Oct 6, 2020.
             Was the Champion of Makhleb.
             Slain by a titanic slime creature (89 damage)
             ... on level 4 of the Swamp.
             The game lasted 00:11:56 (13537 turns).

Flugslaktarn the Severer (Deep Dwarf Fighter)      Turns: 13537, Time: 00:11:57

Health: -2/159     AC: 29    Str: 34    XL:     16   Next: 7%
Magic:  7/7        EV:  6    Int: 10    God:    Makhleb [******]
Gold:   1009       SH: 16    Dex: 19    Spells: 15/15 levels left

rFire    + + .     SeeInvis .   a - +8 broad axe (elec)
rCold    + . .     Faith    .   B - +1 kite shield of Greater Demons {Str+3}
rNeg     + + .     Spirit   .   G - +0 crystal plate armour
rPois    +         Reflect  .   j - +2 helmet
rElec    .         Harm     .   u - scarf {shadows}
rCorr    .         Rampage  .   D - +1 pair of gloves of the Raven {rPois rN+ Slay+2}
MR       +++..                  s - +0 pair of boots
Stlth    ..........             i - amulet of the acrobat
HPRegen  0.00/turn              K - ring of Faroz {rPois rF+ Dex+6 Stlth-}
MPRegen  0.10/turn              c - ring of Zedomuyz {rF+ MR+ Str+6 Stlth+}

@: non-regenerating
A: damage resistance, heal wounds, cold resistance 1, negative energy resistance
1, sense surroundings 2, poison resistance, no regeneration
}: 1/15 runes: gossamer
a: Heal Wounds, Minor Destruction, Lesser Servant of Makhleb, Major Destruction,
Greater Servant of Makhleb, Renounce Religion


You were on level 4 of the Swamp.
You worshipped Makhleb.
Makhleb was exalted by your worship.
You visited 5 branches of the dungeon, and saw 26 of its levels.
You also visited: Gauntlet.

You collected 1621 gold pieces.
You spent 612 gold pieces at shops.

Inventory:

Hand Weapons
 a - a +8 broad axe of electrocution (weapon)
   (You bought it in a shop on level 8 of the Dungeon)
 b - a +2 dagger of distortion
   (You took it off an orc on level 9 of the Dungeon)
Missiles
 I - a throwing net (quivered)
Armour
 j - a +2 helmet (worn)
   (You bought it in a shop on level 5 of the Dungeon)
 s - a +0 pair of boots (worn)
   (You bought it in a shop on level 5 of the Dungeon)
 u - a scarf of shadows (worn)
   (You found it on level 14 of the Dungeon)
 B - the +1 kite shield of Greater Demons (worn) {Str+3}
   (You found it on level 13 of the Dungeon)

   It affects your strength (+3).
 D - the +1 pair of gloves of the Raven (worn) {rPois rN+ Slay+2}
   (You bought it in a shop on level 5 of the Dungeon)

   It affects your accuracy and damage with ranged weapons and melee attacks
   (+2).
   It protects you from poison.
   It protects you from negative energy.
 G - a +0 crystal plate armour (worn)
   (You took it off Donald on level 1 of the Spider Nest)
Jewellery
 c - the ring of Zedomuyz (right hand) {rF+ MR+ Str+6 Stlth+}
   (You found it on level 12 of the Dungeon)

   [ring of strength]

   It affects your strength (+6).
   It protects you from fire.
   It affects your resistance to hostile enchantments.
   It makes you more stealthy.
 i - an amulet of the acrobat (around neck)
   (You found it in a Gauntlet)
 m - an uncursed ring of protection from magic
   (You found it on level 2 of the Lair of Beasts)
 H - the ring "Igoih" {rCorr Str+8}
   (You found it in a Gauntlet)

   [ring of resist corrosion]

   It affects your strength (+8).
   It provides partial protection from all sources of acid and corrosion.
 K - the ring of Faroz (left hand) {rPois rF+ Dex+6 Stlth-}
   (You found it in a Gauntlet)

   [ring of attention]

   It affects your dexterity (+6).
   It protects you from fire.
   It protects you from poison.
   It makes you less stealthy.
Wands
 g - a wand of acid (11)
   (You found it on level 7 of the Dungeon)
 o - a wand of digging (8)
   (You found it on level 2 of the Spider Nest)
 z - a wand of enslavement (17)
   (You found it on level 8 of the Dungeon)
 J - a wand of iceblast (6)
   (You found it on level 14 of the Dungeon)
Scrolls
 f - 3 scrolls of fog
 r - 2 scrolls of identify
 t - 8 scrolls of teleportation
 x - 4 scrolls of remove curse
 y - a scroll of magic mapping
 A - 3 scrolls of fear
 C - a scroll of vulnerability
Potions
 d - 3 potions of might
 e - 8 potions of lignification
 h - 4 potions of haste
 l - a potion of flight
 n - 2 potions of resistance
 q - 2 potions of curing
 v - a potion of magic
 w - 4 potions of heal wounds
 L - a potion of ambrosia
Miscellaneous
 F - a condenser vane (2/2)
   (You found it on level 13 of the Dungeon)


   Skills:
 * Level 14.0 Fighting
 * Level 16.1 Axes
 + Level 12.3 Armour
 + Level 12.2 Shields
 + Level 13.2 Invocations
 - Level 10.0 Evocations


You had 15 spell levels left.
You didn't know any spells.
Your spell library was empty.

Dungeon Overview and Level Annotations

Branches:
Dungeon (15/15)            Temple (1/1) D:4            Lair (2/6) D:11
  Swamp (4/4) Lair:2       Spider (4/4) Lair:2          Orc (0/2) D:9
 Vaults (0/5) D:14         Depths (0/5) D:15        Gauntlet (visited)

Altars:
Cheibriados
Dithmenos
Elyvilon
Fedhas
Gozag
Hepliaklqana
Kikubaaqudgha
Makhleb
Nemelex Xobeh
Okawaru
Qazlal
Ru
Sif Muna
Trog
Uskayaw
Vehumet
Wu Jian
Xom
Zin
The Shining One

Shops:
D:5 [   D:8 ((?*   D:14 [

Annotations:
D:7 exclusion: door
D:10 exclusion: obsidian statue
Swamp:2 exclusion: ice statue


Innate Abilities, Weirdness & Mutations

You are resistant to damage.
You can heal yourself by infusing magical energy.
You resist negative energy. (rN+)
You passively map the area around you.
You do not regenerate.
Your flesh is cold resistant. (rC+)
Your system is resistant to poisons. (rPois)


Message History

You slice the titanic slime creature!!
The titanic slime creature is heavily wounded.
Your neqoxec gestures.
You slash the titanic slime creature!
Lightning courses through the titanic slime creature!
The titanic slime creature is heavily wounded.
The titanic slime creature hits you but does no damage.
You slice the titanic slime creature!!
The titanic slime creature is heavily wounded.
Your neqoxec gestures.
The titanic slime creature hits you!!!!
Your crystal plate armour prevents you from hitting the titanic slime creature.
The titanic slime creature is heavily wounded.
You block the titanic slime creature's attack.
You barely miss the titanic slime creature.
The titanic slime creature is heavily wounded.
Your crimson imp blinks!
The titanic slime creature hits you!!!!
Ouch! That really hurt!
You die...

§≈♣ ♣≈≈≈♣ ♣.≈≈♣ ***
♣♣.≈.♣♣♣♣♣♣ *
♣♣<≈≈.≈♣..≈. * * *
♣.≈≈≈≈..≈§≈≈ , ,..
♣3§≈≈≈..≈≈≈≈
,.≈J♣♣♣♣@555≈≈.≈≈≈≈≈
≈≈
.≈.≈/.J♣♣♣.≈≈≈≈≈≈≈#*
♣♣♣.≈≈§♣♣♣..§≈≈≈≈# *
≈ ♣.≈≈≈♣♣≈♣.≈≈≈≈.# *
, ♣.≈≈.≈....≈≈≈≈## ≈
* ♣♣....≈≈).§≈≈≈# *,
≈≈ ♣♣...≈≈≈≈.≈≈§# ,
≈ .♣..≈≈≈≈.††≈# ≈, _
..≈...≈.♣.≈≈#


You could see a titanic slime creature, a friendly neqoxec (summoned), a
friendly iron imp (summoned), a friendly quasit (summoned, expiring) and a
friendly white imp (summoned).

Vanquished Creatures
  Bai Suzhen (Spider:4)
  Asterion (Spider:4)
  Rupert (D:12)
  Kirke (D:14)
  A thorn hunter (Swamp:2)
  Donald (Spider:1)
  5 emperor scorpions
  3 ghost moths (Spider:4)
  A minotaur (Gauntlet)
  2 spark wasps (Spider:4)
  Josephine (D:13)
  Harold (Lair:2)
  A vault guard (D:14)
  3 hydras
  An ogre mage (D:15)
  3 alligators (Swamp:2)
  2 centaur warriors
  11 two-headed ogres
  A tengu warrior (D:15)
  Sonja (Lair:2)
  5 spriggans (Swamp:3)
  A fire crab (Gauntlet)
  A swamp dragon (Swamp:3)
  2 unseen horrors
  A wizard (D:15)
  An orange crystal statue (Gauntlet)
  An orb spider (shapeshifter) (D:14)
  An orc knight (D:15)
  8 ugly things
  2 orc sorcerers (D:15)
  11 orb spiders
  3 deep elf magi
  A cyclops (D:11)
  A moth of wrath (Spider:2)
  17 wolf spiders
  A naga mage (D:15)
  A torpor snail (Spider:3)
  A gargoyle (D:14)
  5 cane toads
  3 centaur skeletons
  A komodo dragon (Lair:2)
  A freezing wraith (D:15)
  7 demonic crawlers
  2 yaktaurs
  A tengu conjurer (D:15)
  4 trolls
  An efreet (D:12)
  12 jumping spiders
  4 blink frogs (Lair:2)
  13 hornets
  5 tyrant leeches
  13 slime creatures
  2 dream sheep (D:13)
  5 hippogriffs
  2 bog bodies
  7 flying skulls (Gauntlet)
  A vampire (D:10)
  45 redbacks
  3 water elementals (D:15)
  2 centaur simulacra
  2 wyverns
  A shadow (D:11)
  7 yaks
  4 fire bats (Gauntlet)
  19 tarantellas
  7 wraiths
  A hog (D:14)
  10 vampire mosquitoes
  A warg (D:9)
  4 insubstantial wisps (Swamp:2)
  An acid dragon (D:15)
  6 swamp worms
  5 water moccasins
  4 porcupines
  6 orc warriors
  A swamp drake (Swamp:1)
  4 sky beasts
  3 black bears
  3 ice beasts
  2 phantoms
  2 eyes of draining
  7 necrophages
  9 centaurs
  8 ogres
  7 crocodiles
  An elf zombie (D:7)
  5 big kobolds
  10 bullfrogs
  A wyvern zombie (D:11)
  2 wyvern skeletons (D:6)
  A scorpion (Lair:2)
  14 killer bees
  18 wights
  4 electric eels
  5 howler monkeys
  2 bullfrog zombies
  5 centaur zombies
  A quasit (D:9)
  8 hounds
  3 jellies
  7 orc priests
  4 bullfrog skeletons
  2 iguanas
  13 orc wizards
  11 worker ants
  2 hound skeletons
  2 mummies (D:11)
  A worker ant zombie (D:9)
  A gnoll (D:10)
  8 adders
  A shadow imp (D:7)
  2 white imps
  3 ufetubi
  An ooze (D:4)
  2 adder zombies
  An adder skeleton (D:7)
  7 leopard geckos
  37 orcs
  3 giant cockroaches
  4 hobgoblins
  3 jackals
  7 kobolds
  3 quokkas
  2 frilled lizards
  3 goblins
  2 jackal skeletons
  A quokka skeleton (D:4)
  2 rats
579 creatures vanquished.

Vanquished Creatures (collateral kills)
  A hydra (Swamp:1)
  A swamp dragon (Swamp:4)
  A bullfrog zombie (D:12)
  An orc priest (D:12)
  An orc (D:12)
  2 kobolds (D:12)
7 creatures vanquished.

Vanquished Creatures (others)
  A jumping spider (Spider:3)
  A redback (Spider:3)
  11 fungi
  26 plants
  2 withered plants (D:11)
41 creatures vanquished.

Grand Total: 627 creatures vanquished

Notes
Turn   | Place    | Note
-------+----------+-------------------------------------------
     0 | D:1      | Flugslaktarn the Deep Dwarf Fighter began the quest for the
                  | Orb.
     0 | D:1      | Reached XP level 1. HP: 20/20 MP: 1/1
   131 | D:1      | Reached XP level 2. HP: 24/27 MP: 2/2
   331 | D:4      | Noticed a howler monkey
   340 | D:4      | Killed a howler monkey
   340 | D:4      | Reached skill level 3 in Axes
   340 | D:4      | Reached XP level 3. HP: 28/34 MP: 3/3
   430 | D:5      | Entered Level 5 of the Dungeon
   437 | D:5      | Reached XP level 4. HP: 32/42 MP: 4/4
   439 | D:5      | Found a glowing golden altar of the Shining One.
   587 | D:6      | Noticed an eye of draining
   595 | D:6      | Reached XP level 5. HP: 38/50 MP: 0/5
   605 | D:6      | Killed an eye of draining
   605 | D:6      | Reached skill level 4 in Axes
   652 | D:6      | Noticed a necrophage
   660 | D:6      | Killed a necrophage
   660 | D:6      | Reached XP level 6. HP: 43/58 MP: 6/6
   766 | D:4      | Found a staircase to the Ecumenical Temple.
   781 | Temple   | Entered the Ecumenical Temple
   874 | Temple   | Became a worshipper of Makhleb the Destroyer
  1323 | D:4      | Found a shimmering altar of Xom.
  1325 | D:4      | Found a shimmering altar of Xom.
  1326 | D:4      | Found a shimmering altar of Xom.
  1596 | D:5      | Found Oqecwikh's Armour Boutique.
  1801 | D:5      | Reached skill level 5 in Axes
  2006 | D:5      | Reached skill level 1 in Invocations
  2125 | D:5      | Bought a +0 pair of boots for 45 gold pieces
  2125 | D:5      | Bought a +0 helmet for 45 gold pieces
  2199 | D:6      | Found a shadowy altar of Dithmenos.
  2218 | D:6      | Reached XP level 7. HP: 41/66 MP: 6/8
  2356 | D:6      | Found a blossoming altar of Fedhas.
  2453 | D:6      | Reached skill level 5 in Fighting
  2465 | D:6      | Reached * piety under Makhleb
  2493 | D:6      | Reached skill level 5 in Armour
  2493 | D:6      | Reached skill level 5 in Shields
  2754 | D:7      | Reached skill level 6 in Axes
  2761 | D:7      | Reached XP level 8. HP: 40/75 MP: 5/7
  3316 | D:7      | Reached skill level 7 in Axes
  3543 | D:7      | Found a hazy altar of Hepliaklqana.
  3639 | D:8      | Found Luhug's General Store.
  3679 | D:8      | Gained mutation: You passively map the area around you.
                  | [Deep Dwarf growth]
  3679 | D:8      | Reached XP level 9. HP: 55/85 MP: 8/8
  3743 | D:8      | Reached ** piety under Makhleb
  3758 | D:8      | Noticed a two-headed ogre
  3783 | D:8      | Killed a two-headed ogre
  3783 | D:8      | Reached skill level 8 in Axes
  3783 | D:8      | Reached skill level 5 in Invocations
  3845 | D:8      | Found Evunnos's Magic Scroll Shoppe.
  4020 | D:8      | Found Jaoh's Weapon Emporium.
  4031 | D:8      | Noticed a two-headed ogre
  4040 | D:8      | Killed a two-headed ogre
  4040 | D:8      | Reached XP level 10. HP: 71/96 MP: 8/8
  4099 | D:8      | Reached skill level 9 in Axes
  4108 | D:8      | Found Yvinokk's Antique Weapon Shop.
  4116 | D:8      | Bought a glowing broad axe for 189 gold pieces
  4384 | D:9      | Reached skill level 1 in Evocations
  4461 | D:9      | Found a staircase to the Orcish Mines.
  4770 | D:9      | Found a shadowy altar of Dithmenos.
  4864 | D:9      | Reached *** piety under Makhleb
  5059 | D:10     | Entered Level 10 of the Dungeon
  5074 | D:10     | Noticed a brown ugly thing
  5091 | D:10     | Killed a brown ugly thing
  5093 | D:10     | Noticed a deep elf mage
  5103 | D:10     | Killed a deep elf mage
  5141 | D:10     | Reached skill level 10 in Axes
  5396 | D:10     | Noticed an obsidian statue
  5417 | D:10     | Gained mutation: You occasionally shout uncontrollably at
                  | your foes. [a neqoxec]
  5422 | D:10     | Gained mutation: You are frail. (-10% HP) [a neqoxec]
  5543 | D:10     | Reached XP level 11. HP: 92/93 MP: 9/9
  5864 | D:11     | Reached **** piety under Makhleb
  6216 | D:11     | Found a staircase to the Lair.
  6222 | D:11     | Reached skill level 5 in Evocations
  6652 | D:12     | Found a gate leading to a gauntlet.
  6670 | Gauntlet | Entered a Gauntlet
  6670 | Gauntlet | Found a transporter.
  6670 | Gauntlet | Found a transporter.
  6674 | Gauntlet | Found a transporter.
  6674 | Gauntlet | Found a transporter.
  6683 | Gauntlet | Noticed a fire crab
  6698 | Gauntlet | Found a transporter.
  6700 | Gauntlet | Noticed a large abomination
  6708 | Gauntlet | Found a transporter.
  6708 | Gauntlet | Found a transporter.
  6711 | Gauntlet | Found a transporter.
  6714 | Gauntlet | Noticed a fire crab
  6738 | Gauntlet | Found a transporter.
  6745 | Gauntlet | Found a transporter.
  6763 | Gauntlet | Found a transporter.
  6769 | Gauntlet | Noticed an entropy weaver
  6809 | Gauntlet | Found a transporter.
  6814 | Gauntlet | Noticed a wolf spider
  6827 | Gauntlet | Found a transporter.
  6916 | Gauntlet | Found a transporter.
  6925 | Gauntlet | Found a transporter.
  6939 | Gauntlet | Noticed an orange crystal statue
  6940 | Gauntlet | Found a transporter.
  7046 | Gauntlet | Killed a fire crab
  7046 | Gauntlet | Reached skill level 11 in Axes
  7156 | Gauntlet | Killed an orange crystal statue
  7222 | Gauntlet | Got a wavering platinum ring
  7227 | Gauntlet | Identified the ring "Igoih" {rCorr Str+8} (You found it in
                  | a Gauntlet)
  7357 | Gauntlet | Reached ***** piety under Makhleb
  7371 | Gauntlet | Got a flickering brass ring
  7372 | Gauntlet | Identified the ring of Faroz {rPois rF+ Dex+6 Stlth-} (You
                  | found it in a Gauntlet)
  7384 | Gauntlet | Identified the cursed +1 plate armour of Spite {Int+2}
  7384 | Gauntlet | Noticed a minotaur
  7402 | Gauntlet | Killed a minotaur
  7402 | Gauntlet | Reached skill level 10 in Fighting
  7495 | D:12     | Got a brightly glowing granite ring
  7521 | D:12     | Noticed a two-headed ogre
  7529 | D:12     | Killed a two-headed ogre
  7529 | D:12     | Reached XP level 12. HP: 104/104 MP: 7/7
  7530 | D:12     | Identified the ring of Zedomuyz {rF+ MR+ Str+6 Stlth+} (You
                  | found it on level 12 of the Dungeon)
  7541 | D:12     | Noticed Rupert
  7624 | D:12     | Killed Rupert
  7687 | D:12     | Found a sacrificial altar of Ru.
  8074 | D:13     | Noticed Josephine
  8083 | D:13     | Killed Josephine
  8257 | D:13     | Got a scorched kite shield
  8268 | D:13     | Identified the +1 kite shield of Greater Demons {Str+3}
                  | (You found it on level 13 of the Dungeon)
  8284 | D:13     | Reached skill level 12 in Axes
  8291 | D:13     | Noticed a two-headed ogre
  8305 | D:13     | Killed a two-headed ogre
  8343 | D:13     | Noticed a two-headed ogre
  8361 | D:13     | Killed a two-headed ogre
  8453 | D:13     | Noticed a two-headed hydra
  8466 | D:13     | Killed a ten-headed hydra
  8768 | D:5      | Bought the +1 pair of gloves of the Raven {rPois rN+
                  | Slay+2} for 333 gold pieces
  8937 | D:14     | Noticed a centaur warrior
  8948 | D:14     | Killed a centaur warrior
  9049 | D:14     | Reached XP level 13. HP: 103/114 MP: 5/5
  9103 | D:14     | Reached skill level 10 in Invocations
  9141 | D:14     | Found Raishra's Armour Boutique.
  9803 | D:14     | Found a gate to the Vaults.
  9853 | D:14     | Reached skill level 13 in Axes
  9857 | D:14     | Lost mutation: You occasionally shout uncontrollably at
                  | your foes. [potion of mutation]
  9857 | D:14     | Lost mutation: You are frail. (-10% HP) [potion of
                  | mutation]
  9857 | D:14     | Gained mutation: You possess an exceptional clarity of
                  | mind. [potion of mutation]
  9857 | D:14     | Gained mutation: You have a pair of small horns on your
                  | head. [potion of mutation]
  9876 | D:14     | Noticed Kirke
  9975 | D:14     | Killed Kirke
  9975 | D:14     | Reached skill level 10 in Armour
 10012 | D:14     | Lost mutation: You possess an exceptional clarity of mind.
                  | [potion of mutation]
 10012 | D:14     | Lost mutation: You have a pair of small horns on your head.
                  | [potion of mutation]
 10012 | D:14     | Gained mutation: Your system is resistant to poisons.
                  | (rPois) [potion of mutation]
 10012 | D:14     | Gained mutation: Your flesh is cold resistant. (rC+)
                  | [potion of mutation]
 10020 | D:15     | Entered Level 15 of the Dungeon
 10091 | D:15     | Reached skill level 10 in Shields
 10639 | D:15     | Found a staircase to the Depths.
 10643 | D:15     | Reached ****** piety under Makhleb
 10659 | D:15     | Gained mutation: You resist negative energy. (rN+) [Deep
                  | Dwarf growth]
 10659 | D:15     | Reached XP level 14. HP: 99/138 MP: 7/7
 10821 | Lair:1   | Entered Level 1 of the Lair of Beasts
 11080 | Lair:2   | Noticed Sonja
 11086 | Lair:2   | Killed Sonja
 11306 | Lair:2   | Found a hole to the Spider Nest.
 11338 | Lair:2   | Noticed Harold
 11346 | Lair:2   | Killed Harold
 11346 | Lair:2   | Reached skill level 14 in Axes
 11374 | Lair:2   | Found a staircase to the Swamp.
 11428 | Spider:1 | Entered Level 1 of the Spider Nest
 11485 | Spider:1 | Noticed Donald
 11490 | Spider:1 | Noticed an emperor scorpion
 11497 | Spider:1 | Killed Donald
 11515 | Spider:1 | Killed an emperor scorpion
 11779 | Spider:3 | Reached skill level 10 in Evocations
 12054 | Spider:4 | Entered Level 4 of the Spider Nest
 12061 | Spider:4 | Noticed Asterion
 12077 | Spider:4 | Killed Asterion
 12086 | Spider:4 | Noticed Bai Suzhen
 12096 | Spider:4 | Reached XP level 15. HP: 147/147 MP: 8/8
 12138 | Spider:4 | Killed Bai Suzhen
 12138 | Spider:4 | Reached skill level 15 in Axes
 12610 | Spider:4 | Killed a ghost moth
 12721 | Spider:4 | Killed a ghost moth
 12722 | Spider:4 | Killed a ghost moth
 12766 | Spider:4 | Got a gossamer rune of Zot
 13012 | Swamp:1  | Entered Level 1 of the Swamp
 13347 | Swamp:3  | Noticed a thorn hunter
 13375 | Swamp:2  | Killed a thorn hunter
 13399 | Swamp:3  | Reached skill level 16 in Axes
 13447 | Swamp:3  | Reached XP level 16. HP: 129/159 MP: 7/7
 13457 | Swamp:4  | Entered Level 4 of the Swamp
 13537 | Swamp:4  | Slain by a titanic slime creature

Illustrated notes

Levels and vault maps discovered:
D:1:      onia_arrival_mini_maze, layout_rooms
D:2:      layout_basic, evilmike_ruin_ashenzari
D:3:      layout_loops_ring, lightli_corner_chamber
D:4:      layout_gridville, temple_statues, xom_redecorated
D:5:      layout_loops_ring, basic_altar, serial_shops, nicolae_shop_stone,
          kennysheep_path_1, minmay_misc_feat_encased, kennysheep_generic_room_5
D:6:      layout_loops_ring, grunt_dithmenos_shadows, fedhas_altar_2,
          minivault_27
D:7:      layout_basic, kennysheep_little_box,
          lemuel_mausoleum_altar_yredelemnul
D:8:      layout_gridville, serial_shops, nicolae_shop_overgrown_old_shop, shop,
          shop, nicolae_shop_trees
D:9:      layout_gridville, erik_orc_3, basic_altar
D:10:     cheibrodos_fzero, layout_rooms, roderic_lattice_a,
          minmay_statue_bubble
D:11:     layout_stronghold, grunt_lair_entry_orc_guard_hut, serial_undead,
          serial_undead_e, serial_undead_c, serial_undead_e, serial_undead_d,
          serial_undead_d, serial_undead_d, chequers_serial_rivers_small_3
D:12:     layout_rooms, gauntlet_entry_generic, lemuel_centaur_altar,
          uniq_rupert
D:13:     layout_roguey, hangedman_ranch [blue_anna_fruit_fields],
          uniq_josephine
D:14:     layout_loops_corners, david_vaults_5, serial_shops, kennysheep_mini,
          st_stairs_7, uniq_kirke
D:15:     grunt_enter_depths_magical_seal, layout_basic, grunt_decor_cap
Temple:   minmay_crystal_spiral_temple
Lair:1:   layout_chaotic_city, hangedman_lair_generics_rect,
          infiniplex_staircase_pool_2
Lair:2:   lemuel_slime, layout_loops_ring, swamp_mist,
          spider_nest_entry_web_field, minivault_27,
          eino_small_chamber_without_monster, grunt_megastairs_4, uniq_harold,
          uniq_sonja
Swamp:1:  layout_basic_swamp, hangedman_swamp_ruin_wall
Swamp:2:  layout_basic_swamp, portal_ice_cave_entry_ice_statue_two,
          evilmike_swamp_ruin_house_3
Swamp:3:  cheibrodos_swamp_monstrosity, layout_falls_marsh,
          nicolae_swamp_very_dense_foliage, swamp_pool1
Swamp:4:  byrel_swamp_growth_death_and_undeath, layout_basic_swamp
Spider:1: layout_spider_delve, uniq_donald
Spider:2: layout_chambers, uniq_agnes
Spider:3: layout_spider_delve
Spider:4: spider_rune_water, uniq_asterion, uniq_bai_suzhen

Skill      XL: |  1  2  3  4  5  6  7  8  9 10 11 12 13 14 15 |
---------------+----------------------------------------------+-----
Fighting       | 3 4 5 6 7 8 10 11 12 13 14 | 14.0
Axes           | 3 4 5 6 7 8 10 11 12 13 14 16 | 16.1
Armour         | 4 5 6 7 8 9 10 11 12 | 12.3
Shields        | 4 5 6 7 8 9 10 11 12 | 12.2
Invocations    | 1 2 4 6 7 8 9 11 12 13 | 13.2
Evocations     | 3 6 7 9 10 | 10.0

Action                   |  1- 3 |  4- 6 |  7- 9 | 10-12 | 13-15 | 16-18 || total
-------------------------+-------+-------+-------+-------+-------+-------++-------
Melee: War axe           |    48 |   123 |   291 |    14 |       |       ||   476
       Broad axe         |       |       |       |   600 |   730 |    35 ||  1365
       Unarmed           |       |       |       |       |     4 |       ||     4
       Headbutt          |       |       |       |       |     4 |       ||     4
Invok: Lesser Servant of |       |       |       |     5 |     1 |     1 ||     7
 Abil: Heal Wounds       |       |     2 |    18 |    18 |     8 |       ||    46
Evoke: Wand              |       |       |     2 |     6 |     7 |       ||    15
       Condenser vane    |       |       |       |       |     3 |       ||     3
  Use: Scroll            |       |       |    13 |    16 |     9 |       ||    38
       Potion            |       |       |       |     8 |     3 |       ||    11
Armor: Scale mail        |    17 |       |       |       |       |       ||    17
       Chain mail        |     4 |    63 |    69 |       |       |       ||   136
       Plate armour      |       |       |   256 |   424 |   131 |       ||   811
       Crystal plate arm |       |       |       |       |   555 |    29 ||   584
Dodge: Dodged            |    12 |    24 |   121 |   162 |   271 |    15 ||   605
Block: Kite shield       |    24 |    57 |   257 |   444 |   691 |    39 ||  1512

Table legend: (Time is in decaauts)
 A = Elapsed time spent in this place.
 B = Non-inter-level travel time spent in this place.
 C = Inter-level travel time spent in this place.
 D = Time resting spent in this place.
 E = Time spent auto-exploring this place.
 F = Levels seen in this place.
 G = Mean time per level.
                   A        B        C        D        E       F      G
               +--------+--------+--------+--------+--------+-----+--------+
         Total |  13787 |  12571 |   1216 |    386 |   8449 |  27 |  510.6 |
       Dungeon |  10159 |   9410 |    749 |    182 |   6716 |  15 |  677.3 |
        Temple |    163 |     84 |     79 |      0 |     80 |   1 |  163.0 |
          Lair |    625 |    522 |    103 |      0 |    392 |   2 |  312.5 |
         Swamp |    536 |    467 |     69 |      0 |    175 |   4 |  134.0 |
   Spider Nest |   1552 |   1337 |    215 |     40 |    777 |   4 |  388.0 |
      Gauntlet |    749 |    749 |      0 |    164 |    308 |   1 |  749.0 |
               +--------+--------+--------+--------+--------+-----+--------+

Top non-repeatable levels by time:
    D:14: 1089 daAuts
     D:6: 1012 daAuts
    D:11: 973 daAuts
     D:5: 944 daAuts
     D:8: 790 daAuts
Spider:4: 790 daAuts
    D:13: 764 daAuts
Gauntlet: 749 daAuts
     D:4: 738 daAuts
    D:15: 735 daAuts
    D:10: 729 daAuts
     D:9: 715 daAuts
     D:7: 710 daAuts
    D:12: 621 daAuts
  Lair:2: 400 daAuts
